 Dungeon Crawl Stone Soup version 0.22-a0-266-g5fdf0d7 (webtiles) character file.

143862 Ghella the Severer (level 16, -4/147 HPs)
             Began as a Red Draconian Berserker on Mar 8, 2018.
             Was a High Priest of Trog.
             Slain by a halberd of venom (33 damage)
             ... on level 1 of the Elven Halls.
             The game lasted 01:48:44 (58600 turns).

Ghella the Severer (Red Draconian Berserker)       Turns: 58600, Time: 01:48:47

Health: -4/147     AC: 15    Str: 25    XL:     16   Next: 83%
Magic:  13/13      EV: 19    Int: 10    God:    Trog [*****.]
Gold:   1919       SH:  0    Dex:  8    Spells: 15/15 levels left

rFire    + . .     SeeInvis +   J - +2 battleaxe (holy)
rCold    + . .     Gourm    .   (shield currently unavailable)
rNeg     . . .     Faith    .   (armour unavailable)
rPois    .         Spirit   .   r - +2 hat {SInv}
rElec    .         Reflect  .   O - +1 cloak
rCorr    .         Harm     .   (no gloves)
MR       +++..                  w - +1 pair of boots
Stlth    +++++.....             H - amulet of the acrobat
HPRegen  1.00/turn              p - ring of stealth
MPRegen  0.13/turn              z - ring of stealth

@: lethally poisoned (-4 -> -50), regenerating, drained
A: breathe fire, unfitting armour, antennae 1, clumsy 1, cold resistance 1, fire
resistance 1, low mp 2, inhibited regeneration, cold-blooded, AC +9
a: Breathe Fire, Berserk, Trog's Hand, Brothers in Arms, Renounce Religion


You were on level 1 of the Elven Halls.
You worshipped Trog.
Trog was extremely pleased with you.
You were not hungry.

You visited 7 branches of the dungeon, and saw 27 of its levels.
You visited the Abyss 2 times.
You also visited: Labyrinth and Volcano.

You collected 2595 gold pieces.
You spent 676 gold pieces at shops.

Inventory:

Hand Weapons
 l - the +8 executioner's axe of Hodyn {freeze, *Contam +Rage Str+2}
   (Trog gifted it to you on level 2 of the Orcish Mines)

   It has been specially enchanted to freeze those struck by it, causing extra
   injury to most foes and up to half again as much damage against particularly
   susceptible opponents.
   It can also slow down cold-blooded creatures.
   It affects your strength (+2).
   It lets you go berserk.
   It causes magical contamination when unequipped.
 u - the +8 hand axe of Amortisation {elec, rElec rC+ MR- MP+9}
   (You found it on level 12 of the Dungeon)

   Occasionally, upon striking a foe, it will discharge some electrical energy
   and cause terrible harm.
   It protects you from cold.
   It insulates you from electricity.
   It affects your resistance to hostile enchantments.
   It affects your magic capacity (+9).
 y - a +2 battleaxe of electrocution
 I - a +5 antimagic battleaxe
 J - a +2 battleaxe of holy wrath (weapon)
 K - the +12 battleaxe of the Coin {flame, rElec rPois rF+ SInv}
   (Trog gifted it to you on level 1 of the Lair of Beasts)

   It has been specially enchanted to burn those struck by it, causing extra
   injury to most foes and up to half again as much damage against particularly
   susceptible opponents.
   Big, fiery blades are also staple armaments of hydra-hunters.
   It protects you from fire.
   It insulates you from electricity.
   It protects you from poison.
   It lets you see invisible.
 Y - the +3 executioner's axe of Wuyc {flame, *Rage rC+ Dex+7}
   (Trog gifted it to you on level 5 of the Lair of Beasts)

   It has been specially enchanted to burn those struck by it, causing extra
   injury to most foes and up to half again as much damage against particularly
   susceptible opponents.
   Big, fiery blades are also staple armaments of hydra-hunters.
   It affects your dexterity (+7).
   It protects you from cold.
   It may make you go berserk in combat.
Armour
 r - a +2 hat of see invisible (worn)
 w - a +1 pair of boots (worn)
 x - the -3 cloak of Ennui {rF+++ MR- Dex-4 SInv}
   (You bought it in a shop on level 2 of the Orcish Mines)

   It affects your dexterity (-4).
   It renders you almost immune to fire.
   It affects your resistance to hostile enchantments.
   It lets you see invisible.
 B - a scarf of cloud immunity
 O - a +1 cloak (worn)
Jewellery
 p - a ring of stealth (left hand)
 z - a ring of stealth (right hand)
 H - an amulet of the acrobat (around neck)
Wands
 k - a wand of acid (26)
 v - a wand of enslavement (46)
 C - a wand of polymorph (48)
 D - a wand of flame (13)
 M - a wand of random effects (80)
Scrolls
 c - 4 scrolls of enchant armour
 d - 3 scrolls of enchant weapon
 e - a scroll of fog
 g - 19 scrolls of remove curse
 h - 8 scrolls of teleportation
 i - 2 scrolls of identify
 j - 4 scrolls of random uselessness
 m - 8 scrolls of immolation
 o - a scroll of vulnerability
 q - 2 scrolls of fear
 E - 3 scrolls of magic mapping
 G - a scroll of torment
 L - a scroll of brand weapon
Potions
 a - a potion of haste
 f - 2 potions of invisibility
 n - 5 potions of flight
 s - a potion of resistance
 t - a potion of cancellation
 A - 4 potions of berserk rage
 F - 2 potions of ambrosia
 N - 5 potions of curing
 Q - 3 potions of might
Miscellaneous
 P - a lightning rod (4/4)
 V - 3 sacks of spiders
Comestibles
 b - 8 rations
 R - 2 chunks of flesh


   Skills:
 + Level 14.9(14.6) Fighting
 + Level 18.9(18.5) Axes
 * Level 15.7(15.4) Dodging
 + Level 8.5(8.2) Stealth
 + Level 1.2(1.0) Evocations


You had 15 spell levels left.
You didn't know any spells.

Dungeon Overview and Level Annotations

Branches:
Dungeon (15/15)            Temple (0/1) D:7            Lair (6/6) D:11
 Shoals (1/4) Lair:3       Spider (1/4) Lair:3        Slime (0/5) Lair:5
    Orc (2/2) D:12            Elf (1/3) Orc:2        Vaults (0/5) D:13
 Depths (1/5) D:15

Altars:
Ashenzari
Hepliaklqana
Kikubaaqudgha
Makhleb
Nemelex Xobeh
Okawaru
Xom

Shops:
D:11 }   D:13 *   Orc:2 =(*[

Portals:
Trove: D:15 (give 18 potions of curing)

Annotations:
Lair:3 Aizul
Spider:1 Asterion
Elf:1 exclusion: Roxanne, Roxanne
Depths:1 Saint Roka


Innate Abilities, Weirdness & Mutations

You can breathe blasts of fire.
Your fiery red scales are hard. (AC +9)
You cannot fit into any form of body armour.
Your flesh is heat resistant. (rF+)
You are cold-blooded and may be slowed by cold attacks.
You have a pair of small antennae on your head.
You are clumsy. (Dex -2)
Your flesh is cold resistant. (rC+)
Your magical capacity is very low. (-20% MP)
You do not regenerate when monsters are visible.


Message History

The halberd of venom is moderately damaged.
You feel very sick. The halberd of venom hits you!
You are more poisoned.
You miss the halberd of venom.
The halberd of venom is moderately damaged.
You feel very sick. The halberd of venom misses you.
You closely miss the halberd of venom.
The halberd of venom is moderately damaged.
You feel very sick. The halberd of venom hits you!!
* * * LOW HITPOINT WARNING * * *
Your skin crawls.
You feel resistant to hostile enchantments.
You feel somewhat more hungry.
* * * LOW HITPOINT WARNING * * *
You feel extremely sick. The halberd of venom hits you!!
You die...

########..##'####..##
#......#..#.....#..'.
+......#..#.....#..#.
#......#..#.....#..#.
#...............#..#.
#$......#####...#..#.
#......## ...#..#.
#..(..## ...#..#.
#...@## ...#..#.
###..# ..##..## ...##
..... ..... . ######
..§#.#######
#§.........
..§.........
..§...###### ..§.§§


You could see a halberd of venom.

Vanquished Creatures
  A lich (Abyss:2)
  Frances (D:12)
  A tentacled starspawn (Abyss:2)
  Kirke (D:12)
  2 orc warlords
  An emperor scorpion (Spider:1)
  Louise (D:14)
  A minotaur (Lab)
  A spark wasp (D:15)
  A deep elf death mage (Elf:1)
  An eidolon (Abyss:2)
  2 fire dragons
  4 vault guards
  Josephine (D:13)
  2 ice dragons
  The ghost of Ijustatesigmund the Gargoyle Aeon, a journeyman GrFi of Cheibriados (Orc:1)
  8 hydras
  3 centaur warriors
  2 two-headed ogres
  3 dancing weapons (Elf:1)
  A tengu warrior (D:12)
  3 orc high priests (Orc:2)
  2 deep elf knights (Orc:2)
  A thrashing horror (Abyss:3)
  A sun demon (Abyss:3)
  A wretched star (Abyss:3)
  A hell knight (Volcano)
  A salamander mystic (Volcano)
  A soul eater (Abyss:3)
  A swamp dragon (Lair:6)
  2 sea snakes (Shoals:1)
  3 starcursed masses (Abyss:3)
  An unseen horror (shapeshifter) (D:15)
  3 deep elf archers
  2 unseen horrors
  8 wolf spiders
  Pikel (D:4)
  14 deep elf magi
  8 orc sorcerers
  4 orc knights (Orc:2)
  17 ugly things
  4 oklob plants (Lair:6)
  A cyclops (D:14)
  2 merfolk sirens (Lair:3)
  6 manticores
  5 salamanders (Volcano)
  Maurice (D:9)
  A guardian serpent (Lair:6)
  An eye of devastation (Lair:5)
  7 elephants
  11 black mambas
  A gargoyle (D:12)
  A kobold demonologist (D:12)
  17 spiny frogs
  5 centaur skeletons
  4 rime drakes
  4 komodo dragons
  5 trolls
  2 demonic crawlers
  A yaktaur (D:15)
  3 ancient zymes
  4 jumping spiders
  3 merfolk
  A tengu conjurer (D:15)
  3 polar bears
  A queen bee (Lair:3)
  3 hornets
  9 blink frogs
  2 raiju (Abyss:2)
  A snapping turtle (Shoals:1)
  11 slime creatures (D:14)
  2 dream sheep
  17 hippogriffs
  2 air elementals (Elf:1)
  19 wyverns
  2 water elementals
  5 redbacks
  A vampire (D:11)
  4 ynoxinuls (Abyss:3)
  65 yaks
  A shadow (Abyss:2)
  5 golden eyes (Abyss:3)
  6 wraiths
  6 fire bats (Volcano)
  A hog (D:12)
  A chaos spawn (Abyss:2)
  9 basilisks
  3 steam dragons (Lair:6)
  2 fire elementals (Elf:1)
  5 hungry ghosts
  2 large abominations
  Menkaure (D:4)
  A neqoxec (Abyss:2)
  4 acid dragons
  Duvessa (D:4)
  27 water moccasins
  A soldier ant (D:14)
  4 sky beasts
  15 porcupines
  36 orc warriors
  3 ice beasts
  2 slaves (D:4)
  An alligator simulacrum (Abyss:3)
  2 eyes of draining
  A necrophage (D:7)
  12 ogres
  5 black bears
  15 centaurs
  An eye of draining (shapeshifter) (D:13)
  13 wolves
  13 crocodiles
  The ghost of Ijustatesigmund the Skirmisher, an amateur GrFi of Cheibriados (D:3)
  7 big kobolds
  3 wyvern zombies
  16 bullfrogs
  An earth elemental (Elf:1)
  A gnoll sergeant (D:5)
  5 small abominations
  Dowan (D:4)
  3 scorpions
  31 killer bees
  3 electric eels
  23 wights
  5 howler monkeys
  4 centaur zombies
  6 crimson imps
  3 quasits
  6 lava snakes (Volcano)
  17 orc priests
  Terence (D:3)
  6 hounds
  An iron imp (Abyss:3)
  A jelly (D:5)
  41 orc wizards
  Jessica (D:2)
  4 iguanas
  5 worker ants
  A hell rat (Lair:3)
  4 worker ant zombies
  9 gnolls
  A river rat (Lair:3)
  11 adders
  4 shadow imps
  2 white imps (Abyss:2)
  An ooze (D:3)
  An adder zombie (D:6)
  2 worms
  A dart slug (D:2)
  6 leopard geckos
  105 orcs
  2 bats
  5 giant cockroaches
  9 goblins
  11 hobgoblins
  11 jackals
  26 kobolds
  3 quokkas
  3 ball pythons
  6 frilled lizards
  A leopard gecko skeleton (D:5)
  A quokka zombie (D:6)
  6 rats
  5 fungi
  13 plants
  A starspawn tentacle (Abyss:2)
997 creatures vanquished.

Vanquished Creatures (collateral kills)
  A komodo dragon (Lair:6)
  2 yaks (D:11)
  A phantom (D:11)
4 creatures vanquished.

Vanquished Creatures (others)
  A two-headed ogre (D:11)
  3 humans (D:12)
  A centaur (D:11)
  2 hounds (D:11)
  2 orc priests (Orc:2)
  2 orc wizards
  A centaur simulacrum (Abyss:2)
  An adder (D:11)
  2 orcs
  24 fungi
  40 plants
  A starspawn tentacle (Abyss:2)
80 creatures vanquished.

Grand Total: 1081 creatures vanquished

Notes
Turn   | Place    | Note
-------+----------+-------------------------------------------
     0 | D:1      | Ghella the Draconian Berserker began the quest for the Orb.
     0 | D:1      | Reached XP level 1. HP: 19/19 MP: 1/1
    97 | D:1      | Reached XP level 2. HP: 17/27 MP: 2/2
   557 | D:1      | Reached XP level 3. HP: 9/33 MP: 3/3
  1381 | D:2      | Noticed Jessica
  1386 | D:2      | Killed Jessica
  1386 | D:2      | Reached ** piety under Trog
  1386 | D:2      | Reached XP level 4. HP: 26/40 MP: 4/4
  1757 | D:2      | Found a faded altar of an unknown god.
  2021 | D:3      | Noticed Ijustatesigmund's ghost (amateur GrFi)
  2030 | D:3      | Killed Ijustatesigmund's ghost
  2030 | D:3      | Reached skill level 4 in Axes
  2030 | D:3      | Reached XP level 5. HP: 46/46 MP: 5/5
  2123 | D:3      | Noticed Terence
  2143 | D:3      | Killed Terence
  2518 | D:3      | Found a sparkling altar of Nemelex Xobeh.
  2612 | D:3      | Reached XP level 6. HP: 49/52 MP: 6/6
  3000 | D:4      | Noticed Menkaure
  3007 | D:4      | Killed Menkaure
  3007 | D:4      | Reached skill level 1 in Stealth
  3207 | D:4      | Reached skill level 5 in Axes
  3216 | D:4      | Reached skill level 5 in Dodging
  3216 | D:4      | Your scales start taking on a fiery red colour.
  3216 | D:4      | Reached XP level 7. HP: 60/60 MP: 7/7
  3216 | D:4      | Gained mutation: Your flesh is heat resistant. (rF+) [Red Draconian growth]
  3417 | D:4      | Noticed Pikel
  3451 | D:3      | Reached skill level 5 in Fighting
  3862 | D:4      | Killed Pikel
  3862 | D:4      | Reached skill level 6 in Axes
  3862 | D:4      | Reached XP level 8. HP: 69/69 MP: 8/8
  4057 | D:4      | Noticed Dowan
  4059 | D:4      | Noticed Duvessa
  4083 | D:4      | Killed Dowan
  4504 | D:4      | HP: 5/103 [orc wizard/dagger (2)]
  5025 | D:4      | Killed Duvessa
  5518 | D:4      | Found an iron altar of Okawaru.
  5699 | D:5      | Entered Level 5 of the Dungeon
  5908 | D:5      | Reached skill level 7 in Axes
  5936 | D:5      | Found a hazy altar of Hepliaklqana.
  7173 | D:6      | Reached *** piety under Trog
  8757 | D:7      | Reached XP level 9. HP: 69/75 MP: 9/9
  9053 | D:7      | Found a staircase to the Ecumenical Temple.
  9067 | D:6      | Reached skill level 8 in Axes
 11496 | D:7      | Reached skill level 9 in Axes
 12016 | D:8      | Reached XP level 10. HP: 83/86 MP: 10/10
 12202 | D:8      | Noticed a three-headed hydra
 12208 | D:8      | Killed a one-headed hydra
 13020 | D:9      | Reached **** piety under Trog
 13022 | D:9      | Reached skill level 10 in Axes
 13672 | D:9      | Noticed Maurice
 13706 | D:10     | Entered Level 10 of the Dungeon
 14694 | D:10     | Reached skill level 10 in Dodging
 14830 | D:10     | Reached XP level 11. HP: 95/95 MP: 11/11
 15175 | D:10     | Reached skill level 11 in Axes
 15589 | D:9      | Killed Maurice
 15709 | D:11     | Noticed a two-headed ogre
 15741 | D:11     | Killed a two-headed ogre
 16554 | D:11     | Killed a two-headed ogre
 17008 | D:11     | Noticed a brown ugly thing
 17039 | D:10     | Killed a brown ugly thing
 17236 | D:10     | Reached ***** piety under Trog
 17252 | D:11     | Found a staircase to the Lair.
 17366 | D:11     | Noticed a brown ugly thing
 17376 | D:11     | Killed a brown ugly thing
 17470 | D:11     | Found a shimmering altar of Xom.
 19888 | D:11     | Found Ikkej's Gadget Boutique.
 19893 | D:11     | Bought a wand of acid (7) for 220 gold pieces
 20155 | D:11     | Reached skill level 12 in Axes
 20155 | D:11     | Reached XP level 12. HP: 106/106 MP: 12/12
 21041 | D:12     | Found a staircase to the Orcish Mines.
 21058 | D:12     | Reached skill level 5 in Stealth
 21077 | D:12     | Received a gift from Trog
 21588 | D:12     | Found a shattered altar of Ashenzari.
 21829 | D:12     | Noticed Frances
 21843 | D:12     | Killed Frances
 21843 | D:12     | Reached skill level 10 in Fighting
 22775 | D:12     | Noticed Kirke
 22782 | D:12     | Killed Kirke
 22782 | D:12     | Reached skill level 13 in Axes
 22889 | D:12     | Noticed a two-headed ogre
 22895 | D:12     | Killed a two-headed ogre
 23332 | D:12     | Found a burning altar of Makhleb.
 23389 | D:12     | Got a bloodstained hand axe
 23390 | D:12     | Identified the +8 hand axe of Amortisation {elec, rElec rC+ MR- MP+9} (You found it on level 12 of the Dungeon)
 24236 | D:13     | Noticed a vault guard
 24259 | D:12     | Killed a vault guard
 24616 | D:13     | Noticed a vault guard
 24618 | D:13     | Noticed a tengu warrior
 24637 | D:12     | Killed a tengu warrior
 24779 | D:13     | Noticed a vault guard
 24782 | D:13     | Found a gate to the Vaults.
 24792 | D:13     | Killed a vault guard
 24988 | D:13     | Noticed Josephine
 24989 | D:13     | Found Nogrun's General Store.
 24998 | D:13     | Killed Josephine
 24998 | D:13     | Reached XP level 13. HP: 74/115 MP: 13/13
 25672 | D:13     | Reached skill level 14 in Axes
 26380 | D:13     | Bought a potion of mutation for 96 gold pieces
 26380 | D:13     | Gained mutation: You are robust. (+10% HP) [potion of mutation]
 26380 | D:13     | Gained mutation: Your muscles are strong. (Str +2) [potion of mutation]
 27040 | Lair:1   | Entered Level 1 of the Lair of Beasts
 27809 | Lair:1   | Received a gift from Trog
 27812 | Lair:1   | Got a fine battleaxe {god gift}
 27813 | Lair:1   | Identified the +12 battleaxe of the Coin {flame, rElec rPois rF+ SInv} (Trog gifted it to you on level 1 of the Lair of Beasts)
 29618 | Lair:3   | Found a labyrinth entrance.
 29632 | Lair:3   | Found a staircase to the Shoals.
 29658 | Lab      | Entered a labyrinth
 30668 | Lab      | Noticed a minotaur
 30677 | Lab      | Killed a minotaur
 30677 | Lab      | Reached skill level 15 in Axes
 30706 | Lab      | Identified the Reference Book on Enchantment
 30717 | Lab      | Identified the Papyrus of Earth
 30932 | Lair:3   | Reached XP level 14. HP: 129/138 MP: 14/14
 31515 | Lair:3   | Found a hole to the Spider Nest.
 31819 | Lair:3   | Got a pitted mace
 31820 | Lair:3   | Identified the +9 mace of Zeifiel {drain, MR+ Int+7 SInv} (You found it on level 3 of the Lair of Beasts)
 32503 | Lair:4   | Identified the +6 mace "Retor" {venom, Str+7 Dex+4} (You found it on level 4 of the Lair of Beasts)
 33210 | Lair:5   | Reached ****** piety under Trog
 33217 | Lair:5   | Received a gift from Trog
 33230 | Lair:5   | Got a warped executioner's axe {god gift}
 33231 | Lair:5   | Identified the +3 executioner's axe of Wuyc {flame, *Rage rC+ Dex+7} (Trog gifted it to you on level 5 of the Lair of Beasts)
 34130 | Lair:5   | Found a staircase to the Slime Pits.
 34636 | Lair:6   | Entered Level 6 of the Lair of Beasts
 34667 | Lair:6   | Found a dark tunnel.
 34674 | Volcano  | Entered a volcano
 35165 | Volcano  | Found a burning altar of Makhleb.
 35189 | Volcano  | Found a bloodstained altar of Trog.
 35321 | Lair:6   | Reached skill level 16 in Axes
 36203 | Lair:6   | Received a gift from Trog
 36786 | Lair:6   | Identified a scroll of acquirement
 37723 | Lair:6   | Reached XP level 15. HP: 118/148 MP: 15/15
 41167 | Lair:6   | Reached skill level 1 in Evocations
 41171 | Lair:6   | Lost mutation: Your muscles are strong. (Str +2) [potion of mutation]
 41171 | Lair:6   | Lost mutation: You are robust. (+10% HP) [potion of mutation]
 41171 | Lair:6   | Gained mutation: You have a pair of small antennae on your head. [potion of mutation]
 41171 | Lair:6   | Gained mutation: Your magical capacity is low. (-10% MP) [potion of mutation]
 41171 | Lair:6   | Gained mutation: You are clumsy. (Dex -2) [potion of mutation]
 41171 | Lair:6   | Gained mutation: Your flesh is cold resistant. (rC+) [potion of mutation]
 41240 | Lair:6   | Identified the +8 long sword of the Final Decision {speed, rF- rC+ rN+ Dex+4 Stlth+} (You found it on level 6 of the Lair of Beasts)
 41561 | Orc:1    | Entered Level 1 of the Orcish Mines
 41913 | Orc:2    | Entered Level 2 of the Orcish Mines
 42191 | Orc:2    | Received a gift from Trog
 42202 | Orc:2    | Noticed an orc warlord
 42916 | Orc:1    | Killed an orc warlord
 42916 | Orc:1    | Received a gift from Trog
 42916 | Orc:1    | Reached skill level 17 in Axes
 43354 | Orc:2    | Noticed an orc warlord
 43943 | Orc:2    | Killed an orc warlord
 44111 | Orc:2    | Found a staircase to the Elven Halls.
 45008 | Orc:2    | Received a gift from Trog
 45011 | Orc:2    | Got a crude executioner's axe {god gift}
 45097 | Orc:2    | Identified the +8 executioner's axe of Hodyn {freeze, *Contam +Rage Str+2} (Trog gifted it to you on level 2 of the Orcish Mines)
 45140 | Orc:2    | Gained mutation: You do not regenerate when monsters are visible. [mutagenic glow]
 45209 | Orc:2    | Found Sodepog's Antique Armour Shoppe.
 45210 | Orc:2    | Found Gifebbul's Antique Weapon Shoppe.
 45211 | Orc:2    | Found Ote Tuwn's General Store.
 45211 | Orc:2    | Found Hiugidi's Jewellery Emporium.
 45215 | Orc:2    | Bought a scroll of identify for 30 gold pieces
 45230 | Orc:2    | Bought an embroidered hat for 140 gold pieces
 45230 | Orc:2    | Bought a bloodstained cloak for 190 gold pieces
 45246 | Orc:2    | Identified the -3 cloak of Ennui {rF+++ MR- Dex-4 SInv} (You bought it in a shop on level 2 of the Orcish Mines)
 45333 | Orc:1    | Noticed Ijustatesigmund's ghost (journeyman GrFi)
 45347 | Orc:1    | Killed Ijustatesigmund's ghost
 46660 | D:14     | Noticed Louise
 46663 | D:14     | Cast into level 2 of the Abyss (Louise)
 46663 | Abyss:2  | Found a corrupted altar of Lugonu.
 46879 | Abyss:2  | Noticed a tentacled starspawn
 46886 | Abyss:2  | Killed a tentacled starspawn
 46886 | Abyss:2  | Reached skill level 15 in Dodging
 46887 | Abyss:2  | Noticed a lich
 46890 | Abyss:2  | Killed a lich
 47051 | Abyss:2  | Received a gift from Trog
 47069 | Abyss:2  | Reached XP level 16. HP: 109/146 MP: 15/15
 47069 | Abyss:2  | Gained mutation: Your magical capacity is very low. (-20% MP) [a neqoxec]
 47079 | D:14     | Escaped the Abyss
 47428 | D:14     | Cast into level 3 of the Abyss (Louise)
 47700 | Abyss:3  | Reached skill level 18 in Axes
 47737 | Abyss:3  | Found a corrupted altar of Lugonu.
 47807 | D:14     | Escaped the Abyss
 48805 | D:14     | Killed Louise
 49375 | D:15     | Entered Level 15 of the Dungeon
 49610 | D:15     | Found a staircase to the Depths.
 49891 | D:15     | Received a gift from Trog
 50381 | D:15     | Found a portal to a secret trove of treasure.
 50476 | Depths:1 | Entered Level 1 of the Depths
 51473 | Depths:1 | Noticed Saint Roka
 51841 | Spider:1 | Entered Level 1 of the Spider Nest
 52032 | Spider:1 | Noticed Asterion
 52067 | Spider:1 | Noticed Aizul
 52517 | Shoals:1 | Entered Level 1 of the Shoals
 55165 | Elf:1    | Entered Level 1 of the Elven Halls
 55174 | Elf:1    | Noticed Roxanne
 55243 | Elf:1    | Received a gift from Trog
 56757 | Elf:1    | Found an ancient bone altar of Kikubaaqudgha.
 58600 | Elf:1    | Slain by a halberd of venom

Vault maps used:
D:1:      tarquinn_simple_flora_water_f, minmay_distorted
D:2:      chequers_ecumenical_altar_island, uniq_jessica
D:3:      nemelex_lonely_heart_becter, uniq_terence
D:4:      first_ration, okawaru_altar_gauntlet_db, uniq_pikel, uniq_duvessa,
          uniq_menkaure
D:5:      old_standard_altar
D:6:      minmay_misc_feat_cross, hex_intersection, minmay_misc_feat_alley
D:7:      minmay_temple_entry_junction_2
D:8:      hangedman_ranch
D:9:      hangedman_corner_corridor, uniq_maurice
D:11:     minmay_lair_entry_grove, serial_shops, shop, xom_confusion_cloud
D:12:     hiddenorc2_lemuel, basic_altar, nicolae_ashenzari_panopticon,
          uniq_kirke, uniq_frances
D:13:     lightli_vaults_fourway_checkpoint, serial_shops, nicolae_shop_stone,
          uniq_josephine
D:14:     corexii_hall_statues_x, uniq_louise
D:15:     grunt_enter_depths_hoard, minmay_misc_feat_tiny,
          nicolae_trove_entry_diagonal
Lair:1:   wad_woods_pond, serial_bayou_pond_b
Lair:2:   st_stairs_9
Lair:3:   regret_index_bee_streams, elwin_shoals_entry_stream,
          spider_nest_entry_rubble, lab_entry_generic, serial_bayou_shore_a
Lair:4:   dragon1_lemuel, grunt_megastairs_3
Lair:5:   minmay_slime_entry_eyes, grunt_megastairs_5
Lair:6:   guppyfry_lair_end_dragon, hangedman_lair_tendril_chambers,
          lightli_volcano_entry_magma_tube, minmay_lair_oklob_chamber
Shoals:1: shoals_oasis
Spider:1: nicolae_spider_mines_2, uniq_asterion, uniq_aizul
Orc:1:    guppyfry_library_mini
Orc:2:    st_orc_congregation
Elf:1:    basic_altar, minmay_elf_sorcery, uniq_roxanne
Depths:1: hellmouth_1, minmay_multi_spiral, minmay_shop_grove, uniq_saint_roka,
          uniq_mara
Abyss:3:  hangedman_eye_storm, minivault_11
Lab:      nicolae_lab_dead_adventurers
Volcano:  volcano_grotto

Skill      XL: |  1  2  3  4  5  6  7  8  9 10 11 12 13 14 15 16 |
---------------+-------------------------------------------------+-----
Dodging        | 3 4 5 6 7 9 10 11 12 13 14 15 | 15.7
Fighting       | 4 5 6 7 8 9 10 12 13 14 | 14.9
Axes           | 4 5 6 7 9 10 12 13 15 16 17 18 | 18.9
Stealth        | 1 2 3 4 5 6 7 8 |  8.5
Evocations     | 1 |  1.2

Action                   |  1- 3 |  4- 6 |  7- 9 | 10-12 | 13-15 | 16-18 || total
-------------------------+-------+-------+-------+-------+-------+-------++-------
Melee: Hand axe          |    71 |   126 |   522 |   544 |   139 |       ||  1402
       Tailslap          |    15 |    16 |    80 |   111 |   151 |    46 ||   419
       Battleaxe         |       |       |       |   210 |   962 |   415 ||  1587
Invok: Berserk           |     1 |     4 |    12 |    15 |    15 |     6 ||    53
       Trog's Hand       |       |       |     2 |     3 |       |     7 ||    12
       Brothers in Arms  |       |       |       |     2 |       |       ||     2
 Abil: Breathe Fire      |       |       |       |     8 |    19 |     1 ||    28
Evoke: Wand              |       |       |       |     5 |    21 |       ||    26
  Use: Potion            |     1 |       |     8 |     1 |     6 |     6 ||    22
       Scroll            |       |       |     9 |     9 |    17 |     6 ||    41
 Stab: Sleeping          |       |     3 |     3 |    12 |    23 |    14 ||    55
       Distracted        |       |       |       |     1 |     7 |     2 ||    10
  Eat: Ration            |     1 |     2 |    10 |     8 |    10 |    11 ||    42
       Chunk             |       |     2 |     9 |    38 |    53 |     6 ||   108
Armor: Skin              |    21 |    25 |   136 |   209 |   259 |   107 ||   757
Dodge: Dodged            |    35 |    69 |   454 |   631 |   963 |   414 ||  2566

Table legend:
 A = Spawn XP
 B = Non-spawn XP
 C = Spawn XP percentage of total XP
 D = Spawn monster count
 E = Non-spawn monster count
 F = Spawn count percentage of total count
 G = Total turns spent on level
                    A         B        C        D         E        F      G
               +---------+---------+-------+---------+---------+-------+---------
         Total |   14439 |  191079 |   7.0 |      33 |     947 |   3.4 | 58600
               +---------+---------+-------+---------+---------+-------+---------
           D:1 |       0 |      49 |   0.0 |       0 |      22 |   0.0 |  1181
           D:2 |       0 |     107 |   0.0 |       0 |      18 |   0.0 |   831
           D:3 |       0 |     266 |   0.0 |       0 |      25 |   0.0 |  1817
           D:4 |       0 |    1472 |   0.0 |       0 |      23 |   0.0 |  1870
           D:5 |       0 |     310 |   0.0 |       0 |      16 |   0.0 |   843
           D:6 |       0 |     794 |   0.0 |       0 |      21 |   0.0 |  2727
           D:7 |       0 |    1769 |   0.0 |       0 |      28 |   0.0 |  1799
           D:8 |       0 |    2124 |   0.0 |       0 |      19 |   0.0 |  1333
           D:9 |       0 |    2973 |   0.0 |       0 |      23 |   0.0 |  1903
          D:10 |       0 |    3161 |   0.0 |       0 |      27 |   0.0 |  3086
          D:11 |       0 |    9097 |   0.0 |       0 |      68 |   0.0 |  4212
          D:12 |       0 |   13939 |   0.0 |       0 |      79 |   0.0 |  3812
          D:13 |       0 |    7360 |   0.0 |       0 |      27 |   0.0 |  2617
          D:14 |       0 |   12694 |   0.0 |       0 |      33 |   0.0 |  2081
          D:15 |       0 |   17211 |   0.0 |       0 |      47 |   0.0 |  2335
        Lair:1 |       0 |    7359 |   0.0 |       0 |      38 |   0.0 |  1652
        Lair:2 |       0 |    8210 |   0.0 |       0 |      32 |   0.0 |  2107
        Lair:3 |       0 |   14165 |   0.0 |       0 |      79 |   0.0 |  2434
        Lair:4 |       0 |    4177 |   0.0 |       0 |      15 |   0.0 |  1672
        Lair:5 |       0 |    4654 |   0.0 |       0 |      17 |   0.0 |  1174
        Lair:6 |       0 |   27738 |   0.0 |       0 |      89 |   0.0 |  5660
      Shoals:1 |       0 |    2042 |   0.0 |       0 |       4 |   0.0 |  1046
      Spider:1 |       0 |    5177 |   0.0 |       0 |       9 |   0.0 |   263
         Orc:1 |       0 |    4203 |   0.0 |       0 |      21 |   0.0 |  1723
         Orc:2 |       0 |   19095 |   0.0 |       0 |     117 |   0.0 |  3943
         Elf:1 |       0 |   11719 |   0.0 |       0 |      22 |   0.0 |  2051
       Abyss:2 |    8095 |    1085 |  88.2 |      11 |       5 |  68.8 |   416
       Abyss:3 |    6344 |    1203 |  84.1 |      22 |       3 |  88.0 |   379
           Lab |       0 |    1292 |   0.0 |       0 |       1 |   0.0 |  1069
       Volcano |       0 |    5634 |   0.0 |       0 |      19 |   0.0 |   555
               +---------+---------+-------+---------+---------+-------+---------
